 Dungeon Crawl Stone Soup version 0.13-a0-2606-g170388b (webtiles) character file.

211 Kae the Cudgeler (level 4, -1/39 HPs)
             Began as a Minotaur Berserker on Aug 4, 2013.
             Was a Priest of Trog.
             Slain by an adder (2 damage)
             ... on Level 3 of the Dungeon.
             The game lasted 00:01:06 (1221 turns).

Kae the Cudgeler (Minotaur Berserker)               Turns: 1221, Time: 00:01:06

HP  -1/39        AC  2     Str 21      XL: 4   Next: 76%
MP   1/1         EV 12     Int  5      God: Trog [***...]
Gold 90          SH  0     Dex 10      Spells:  0 memorised,  3 levels left

Res.Fire  : . . .   See Invis. : .   a - +0 mace
Res.Cold  : . . .   Warding    : .   b - +0 animal skin
Life Prot.: . . .   Conserve   : .   (no shield)
Res.Poison: .       Res.Corr.  : .   (helmet restricted)
Res.Elec. : .       Clarity    : .   (no cloak)
Sust.Abil.: . .     Spirit.Shd : .   (no gloves)
Res.Mut.  : .       Stasis     : .   (no boots)
Res.Rott. : .       Flight     : .   (no amulet)
Saprovore : . . .                    (no ring)
                                     (no ring)

@: mildly poisoned, hasted, very quick, slightly resistant to hostile
enchantments, unstealthy
A: retaliatory headbutt, horns 2
a: Burn Spellbooks, Berserk, Trog's Hand, Renounce Religion


You were on level 3 of the Dungeon.
You worshipped Trog.
Trog was greatly pleased with you.
You were very hungry.

You visited 1 branch of the dungeon, and saw 3 of its levels.

You collected 70 gold pieces.

Inventory:

Hand weapons
 a - a +0,+0 mace (weapon)
Armour
 b - a +0 animal skin (worn)
Comestibles
 c - 3 bread rations
 n - a meat ration
Scrolls
 e - 2 scrolls of identify {unknown}
 f - a scroll of recharging {unknown}
 g - 2 scrolls of curse armour {unknown}
 h - 2 scrolls of blinking {unknown}
 i - 2 scrolls of remove curse {unknown}
 j - a scroll of enchant weapon I {unknown}
 l - a scroll of curse jewellery {unknown}
 m - a scroll of teleportation {unknown}
 o - a scroll of curse weapon {unknown}
Jewellery
 p - an uncursed amulet of conservation {unknown}
 r - a +0,+6 ring of slaying {unknown}
Potions
 d - a potion of speed
 k - a potion of agility {unknown}
 q - a potion of slowing {unknown}
 s - a potion of flight {unknown}
 t - a potion of curing {unknown}


   Skills:
 - Level 3.6 Fighting
 + Level 6.7 Maces & Flails
 - Level 2.4 Armour
 - Level 2.1 Dodging


You had 3 spell levels left.
You didn't know any spells.

Dungeon Overview and Level Annotations

Branches:
Dungeon (3/27)

Altars:


Innate Abilities, Weirdness & Mutations

You reflexively headbutt those who attack you in melee.
You have a pair of horns on your head.


Message History

You are more poisoned.
The adder poisons you!
You closely miss the adder.
The adder is almost dead.
* * * LOW HITPOINT WARNING * * *
You feel sick. The adder bites you.
* * * LOW HITPOINT WARNING * * *
You closely miss the adder.
The adder is almost dead.
* * * LOW HITPOINT WARNING * * *
You feel sick. The adder bites you.
* * * LOW HITPOINT WARNING * * *
You barely miss the adder.
The adder is almost dead.
* * * LOW HITPOINT WARNING * * *
You feel sick. The adder bites you but does no damage. The adder bites you.
* * * LOW HITPOINT WARNING * * *
Drink which item? (? for menu, Esc to quit)
You feel yourself speed up.
It was a potion of speed.
The adder bites you.
You die...

#...'...# #...#.###
##'##.# #.##.#
#.##.#
#########....####
+..................
#######.###.#####
#.@# .# ##S# ## ...
#...# +...+ #...#
#...# ##.## ..#


You could see an adder.

Vanquished Creatures
  6 adders (D:2)
  2 giant geckos
  8 bats
  3 giant cockroaches
  7 hobgoblins
  8 jackals (D:2)
  A quokka (D:3)
  2 ball pythons (D:1)
  2 giant newts (D:1)
  8 goblins
  5 kobolds
  8 rats
60 creatures vanquished.

Notes
Turn   | Place    | Note
--------------------------------------------------------------
     0 | D:1      | Kae, the Minotaur Berserker, began the quest for the Orb.
     0 | D:1      | Reached XP level 1. HP: 19/19 MP: 0/0
    76 | D:1      | Reached skill level 4 in Maces & Flails
   145 | D:1      | Reached XP level 2. HP: 21/26 MP: 0/0
   204 | D:1      | Acquired Trog's second power
   394 | D:1      | Reached skill level 5 in Maces & Flails
   453 | D:1      | Reached XP level 3. HP: 31/33 MP: 1/1
   691 | D:2      | Reached XP level 4. HP: 22/39 MP: 1/1
   694 | D:2      | Reached skill level 6 in Maces & Flails
  1220 | D:3      | HP: 1/39 [adder (3)]
  1221 | D:3      | Slain by an adder

Action                   |  1- 3 |  4- 6 || total
-------------------------+-------+-------++-------
Melee: Mace              |    70 |    57 ||   127
  Use: Potion            |       |     1 ||     1
 Stab: Sleeping          |       |     1 ||     1
